 Dungeon Crawl Stone Soup version 0.21.1-1-g345015f (webtiles) character file.

102 Euphorazine the Magician (level 4, -5/32 HPs)
             Began as a Gnoll Wizard on June 6, 2018.
             Slain by Duvessa
             ... wielding a +1 short sword of electrocution
              (8 damage)
             ... on level 3 of the Dungeon on June 7, 2018.
             The game lasted 00:17:24 (2329 turns).

Euphorazine the Magician (Gnoll Wizard)             Turns: 2329, Time: 00:17:24

Health: -5/32      AC:  4    Str:  9    XL:     4   Next: 78%
Magic:  1/13       EV: 14    Int: 22    God:
Gold:   149        SH:  0    Dex: 13    Spells: 6/17 levels left

rFire    . . .     SeeInvis .   g - +0 whip
rCold    . . .     Gourm    .   (no shield)
rNeg     . . .     Faith    .   h - +1 robe
rPois    .         Spirit   .   b - +0 hat
rElec    .         Reflect  .   (no cloak)
rCorr    .         Harm     .   e - +0 pair of gloves
MR       .....                  (no boots)
Stlth    +.........             (no amulet)
HPRegen  0.10/turn              (no ring)
MPRegen  0.13/turn              (no ring)

@: lethally poisoned (-5 -> -14), glowing
A: distributed training, fangs 1, strong nose
a: no special abilities


You were on level 3 of the Dungeon.
You were hungry.

You visited 1 branch of the dungeon, and saw 4 of its levels.

You collected 149 gold pieces.

Inventory:

Hand Weapons
 g - a +0 whip (weapon)
Armour
 a - a +0 robe
 b - a +0 hat (worn)
 e - a +0 pair of gloves (worn)
 h - a +1 robe (worn)
Jewellery
 p - an uncursed ring of magical power {unknown}
Wands
 j - a wand of scattershot (3)
Scrolls
 k - 3 scrolls of identify
 l - a scroll of remove curse {unknown}
 m - 2 scrolls of magic mapping {unknown}
 n - 2 scrolls of noise {unknown}
 o - 2 scrolls of immolation {unknown}
 q - a scroll of enchant weapon {unknown}
Potions
 f - 2 potions of curing {unknown}
 i - 2 potions of lignification {unknown}
Books
 c - a book of Minor Magic

   Spells                             Type                      Level
   a - Magic Dart                     Conjuration                  1
   b - Blink                          Translocation                2
   c - Call Imp                       Summoning                    2
   d - Slow                           Hexes                        2
   e - Conjure Flame                  Conjuration/Fire             3
   f - Mephitic Cloud                 Conjuration/Poison/Air       3
Comestibles
 d - 5 rations


   Skills:
 + Level 1.2 Fighting
 + Level 1.2 Short Blades
 + Level 1.2 Long Blades
 + Level 1.2 Axes
 + Level 1.2 Maces & Flails
 + Level 1.2 Polearms
 + Level 1.2 Staves
 + Level 1.2 Slings
 + Level 1.2 Bows
 + Level 1.2 Crossbows
 + Level 1.2 Throwing
 + Level 1.2 Armour
 + Level 4.7 Dodging
 + Level 4.3 Stealth
 + Level 1.2 Shields
 + Level 1.2 Unarmed Combat
 + Level 7.2 Spellcasting
 + Level 2.3 Conjurations
 + Level 1.0 Hexes
 + Level 1.0 Charms
 + Level 2.3 Summonings
 + Level 1.0 Necromancy
 + Level 2.3 Translocations
 + Level 1.0 Transmutations
 + Level 1.0 Fire Magic
 + Level 1.0 Ice Magic
 + Level 1.0 Air Magic
 + Level 1.0 Earth Magic
 + Level 1.0 Poison Magic
 + Level 1.3 Invocations
 + Level 1.2 Evocations


You had 6 spell levels left.
You knew the following spells:

 Your Spells              Type           Power        Failure   Level  Hunger
a - Magic Dart            Conj           ###.         3%          1    None
b - Call Imp              Summ           ###.....     4%          2    None
c - Mephitic Cloud        Conj/Pois/Air  ##......     13%         3    None
d - Conjure Flame         Conj/Fire      ###.....     12%         3    None
e - Blink                 Tloc           N/A          4%          2    None


Dungeon Overview and Level Annotations

Branches:
Dungeon (4/15)
 Temple: D:4-7

Altars:
Elyvilon

Annotations:
D:3 Dowan, Duvessa


Innate Abilities, Weirdness & Mutations

Your experience applies equally to all skills.
You have very sharp teeth.
Your uncanny sense of smell can sniff out nearby items.


Message History

There is a stone staircase leading down here.
Casting: Magic Dart
Confirm with . or Enter, or press ? or * to list all spells.
You don't have enough magic to cast that spell.
Duvessa hits you with a short sword of electrocution.
Dowan hits you but does no damage.
You feel sick. Dowan casts a spell at you.
You are outlined in light.
Dowan hits you with a dagger of venom.
* * * LOW HITPOINT WARNING * * *
You are lethally poisoned!
* * * LOW HITPOINT WARNING * * *
You feel sick.
* * * LOW HITPOINT WARNING * * *
You feel sick.
* * * LOW HITPOINT WARNING * * *
You feel sick.
Duvessa hits you with a short sword of electrocution!
You die...

#.##.#####.# .#
######.##.# #.##.###
.......##.# #(.....#.#
#########.#####..###.#.#
#[#......# ...
#.#....#.###.#
#.#....#.....#
####..........#
...........@..#
###.<....e..#.#
####>..e.#.#.
###..).#%###. #.#...#.##
#.##.##.# ##...# ..#
#### #.# .#


You could see Duvessa and Dowan.

Vanquished Creatures
  Jessica (D:2)
  An adder (D:3)
  4 dart slugs
  A worm (D:3)
  2 leopard geckos
  5 orcs (D:3)
  8 goblins
  7 hobgoblins
  2 ball pythons
  A bat (D:1)
  4 frilled lizards
  11 kobolds
  5 rats
52 creatures vanquished.

Notes
Turn   | Place    | Note
-------+----------+-------------------------------------------
     0 | D:1      | Euphorazine the Gnoll Wizard began the quest for the Orb.
     0 | D:1      | Reached XP level 1. HP: 13/13 MP: 8/8
   390 | D:1      | Reached XP level 2. HP: 18/19 MP: 6/10
  1076 | D:1      | Reached XP level 3. HP: 25/25 MP: 9/11
  1165 | D:2      | Noticed Jessica
  1168 | D:2      | Killed Jessica
  1168 | D:2      | Reached skill level 1 in Invocations
  1223 | D:2      | Reached skill level 1 in Fighting
  1223 | D:2      | Reached skill level 1 in Short Blades
  1223 | D:2      | Reached skill level 1 in Long Blades
  1223 | D:2      | Reached skill level 1 in Axes
  1223 | D:2      | Reached skill level 1 in Maces & Flails
  1223 | D:2      | Reached skill level 1 in Polearms
  1223 | D:2      | Reached skill level 1 in Staves
  1223 | D:2      | Reached skill level 1 in Slings
  1223 | D:2      | Reached skill level 1 in Bows
  1223 | D:2      | Reached skill level 1 in Crossbows
  1223 | D:2      | Reached skill level 1 in Throwing
  1223 | D:2      | Reached skill level 1 in Armour
  1223 | D:2      | Reached skill level 1 in Shields
  1223 | D:2      | Reached skill level 1 in Unarmed Combat
  1223 | D:2      | Reached skill level 1 in Evocations
  1280 | D:2      | Found a white marble altar of Elyvilon.
  1318 | D:2      | Reached XP level 4. HP: 32/32 MP: 9/13
  1927 | D:3      | Reached skill level 1 in Hexes
  1927 | D:3      | Reached skill level 1 in Charms
  1927 | D:3      | Reached skill level 1 in Necromancy
  1927 | D:3      | Reached skill level 1 in Transmutations
  1927 | D:3      | Reached skill level 1 in Fire Magic
  1927 | D:3      | Reached skill level 1 in Ice Magic
  1927 | D:3      | Reached skill level 1 in Air Magic
  1927 | D:3      | Reached skill level 1 in Earth Magic
  1927 | D:3      | Reached skill level 1 in Poison Magic
  1934 | D:3      | Learned a level 2 spell: Call Imp
  1938 | D:3      | Learned a level 3 spell: Mephitic Cloud
  1942 | D:3      | Learned a level 3 spell: Conjure Flame
  1945 | D:3      | Learned a level 2 spell: Blink
  2321 | D:4      | Noticed Duvessa
  2321 | D:4      | Noticed Dowan
  2329 | D:3      | Slain by Duvessa

Skill      XL: |  1  2  3  4 |
---------------+-------------+-----
Conjurations   | 2 |  2.3
Summonings     | 2 |  2.3
Translocations | 2 |  2.3
Invocations    | 1 |  1.3
Fighting       | 1 |  1.2
Short Blades   | 1 |  1.2
Long Blades    | 1 |  1.2
Axes           | 1 |  1.2
Maces & Flails | 1 |  1.2
Polearms       | 1 |  1.2
Staves         | 1 |  1.2
Slings         | 1 |  1.2
Bows           | 1 |  1.2
Crossbows      | 1 |  1.2
Throwing       | 1 |  1.2
Armour         | 1 |  1.2
Shields        | 1 |  1.2
Unarmed Combat | 1 |  1.2
Evocations     | 1 |  1.2
Hexes          | 1 |  1.0
Charms         | 1 |  1.0
Necromancy     | 1 |  1.0
Transmutations | 1 |  1.0
Fire Magic     | 1 |  1.0
Ice Magic      | 1 |  1.0
Air Magic      | 1 |  1.0
Earth Magic    | 1 |  1.0
Poison Magic   | 1 |  1.0
Dodging        | |  4.7
Stealth        | |  4.3
Spellcasting   | |  7.2

Action                   |  1- 3 |  4- 6 || total
-------------------------+-------+-------++-------
Melee: Whip              |     3 |    20 ||    23
       Bite              |       |     2 ||     2
 Cast: Magic Dart        |    45 |    64 ||   109
       Mephitic Cloud    |       |     3 ||     3
       Blink             |       |     1 ||     1
       Call Imp          |       |     1 ||     1
  Use: Scroll            |     1 |       ||     1
 Stab: Sleeping          |     2 |       ||     2
  Eat: Ration            |     1 |       ||     1
Armor: Robe              |       |     1 ||     1
Dodge: Dodged            |     8 |    28 ||    36
